 Dungeon Crawl Stone Soup version 0.20.0 (webtiles) character file.

1415 Dipster the Purveyor of Pain (level 8, -3/52 HPs)
             Began as a Mummy Necromancer on Aug 5, 2017.
             Was an Initiate of Kikubaaqudgha.
             Slain by an ogre
             ... wielding a cursed -3 giant spiked club
              (21 damage)
             ... on level 7 of the Dungeon.
             The game lasted 00:28:19 (6859 turns).

Dipster the Purveyor of Pain (Mummy Necromancer)    Turns: 6859, Time: 00:28:21

Health: -3/52      AC:  4    Str: 11    XL:     8   Next: 43%
Magic:  8/19       EV: 12    Int: 16    God:    Kikubaaqudgha [......]
Gold:   364        SH:  0    Dex: 13    Spells: 10/22 levels left

rFire    x . .     SeeInvis .   x - +0 spear (pierce)
rCold    + . .     Gourm    .   (no shield)
rNeg     + + +     Faith    .   d - +0 animal skin
rPois    ∞         Spirit   .   j - +0 helmet
rElec    .         Reflect  .   n - +0 cloak {MR+}
rCorr    .         Harm     .   (no gloves)
MR       ++...                  (no boots)
Stlth    ++........             (no amulet)
Regen    0.2/turn               (no ring)
MPRegen  0.2/turn               (no ring)

@: no status effects
A: no food or potions, fire vulnerability, cold resistance 1, negative energy
resistance 3, torment resistance, unbreathing
a: Renounce Religion


You were on level 7 of the Dungeon.
You worshipped Kikubaaqudgha.
Kikubaaqudgha was noncommittal.
You were not hungry.

You visited 2 branches of the dungeon, and saw 8 of its levels.

You collected 364 gold pieces.

Inventory:

Hand Weapons
 g - a +0 spear
 m - a +2 quarterstaff of chaos
 r - a +0 blowgun
 s - a +3 dagger of venom
 v - a +0 whip of flaming
 x - a +0 spear of piercing (weapon)
Missiles
 c - 128 stones (quivered)
 t - 32 poisoned needles
Armour
 a - a +0 robe
 d - a +0 animal skin (worn)
 j - a +0 helmet (worn)
 n - a +0 cloak of magic resistance (worn)
Wands
 h - a wand of iceblast (1/15)
 i - a wand of confusion (14/48)
 l - a wand of polymorph (9/24)
Scrolls
 e - 3 scrolls of remove curse
 f - 2 scrolls of identify
 k - 2 scrolls of magic mapping
 o - 3 scrolls of recharging
 p - a scroll of random uselessness {unknown}
 q - 3 scrolls of teleportation
 u - a scroll of enchant armour {unknown}
 y - a scroll of enchant weapon {unknown}
 z - 2 scrolls of blinking {unknown}
Books
 b - a book of Necromancy

   Spells                             Type                      Level
   a - Pain                           Necromancy                   1
   b - Animate Skeleton               Necromancy                   1
   c - Vampiric Draining              Necromancy                   3
   d - Regeneration                   Charms/Necromancy            3
   e - Animate Dead                   Necromancy                   4
   f - Control Undead                 Necromancy                   4
 w - a book of Geomancy

   Spells                             Type                      Level
   a - Sandblast                      Earth                        1
   b - Passwall                       Transmutation/Earth          2
   c - Stone Arrow                    Conjuration/Earth            3
   d - Petrify                        Transmutation/Earth          4
   e - Lee's Rapid Deconstruction     Earth                        5


   Skills:
 - Level 1.5 Dodging
 - Level 1.5 Stealth
 + Level 7.9 Spellcasting
 * Level 9.3 Necromancy


You had 10 spell levels left.
You knew the following spells:

 Your Spells              Type           Power        Failure   Level  Hunger
a - Pain                  Necr           ####         1%          1    N/A
b - Vampiric Draining     Necr           #####.....   1%          3    N/A
c - Animate Dead          Necr           N/A          2%          4    N/A
d - Control Undead        Necr           #####.....   2%          4    N/A

Dungeon Overview and Level Annotations

Branches:
Dungeon (7/15)             Temple (1/1) D:6

Altars:
Ashenzari
Cheibriados
Dithmenos
Elyvilon
Fedhas
Gozag
Hepliaklqana
Kikubaaqudgha
Makhleb
Nemelex Xobeh
Okawaru
Qazlal
Ru
Sif Muna
Trog
Uskayaw
Vehumet
Xom
Yredelemnul
Zin
The Shining One

Annotations:
D:2 exclusion: 2 downstairs
D:3 JaminCrawler's ghost, amateur MiBe
D:4 Blork the orc; Dipster's ghost, novice BaWr


Innate Abilities, Weirdness & Mutations

You do not eat or drink.
Your flesh is vulnerable to fire.
You are immune to poison.
Your flesh is cold resistant. (rC+)
You are immune to negative energy. (rN+++)
You are immune to unholy pain and torment.
You can survive without breathing.


Message History

Unknown command.
Okay, then.
Casting: Vampiric Draining
Confirm with . or Enter, or press ? or * to list all spells.
Aiming: Vampiric Draining
Press: ? - help, Shift-Dir - straight line, f - hound, p - ogre
Aim: a hound (heavily wounded)
You kill the hound!
Kikubaaqudgha accepts your kill.
You feel life coursing into your body.
Casting: Vampiric Draining
Confirm with . or Enter, or press ? or * to list all spells.
Aiming: Vampiric Draining
Press: ? - help, Shift-Dir - straight line, f - ogre
Aim: an ogre, wielding a giant spiked club (moderately wounded)
The ogre is heavily wounded.
You feel life coursing into your body.
The ogre hits you with a giant spiked club!!
You die...
Kikubaaqudgha rasps: "You have failed me!
Welcome... oblivion!"

<#.................######
.........................
###........#...........#
#................###...
#........######..#
#........# #..#
#........# ##..#
##.####### #...# #.#
#@#..# #.# ##O#..# #.
##..#..)#
#########..##.....
=.$....†..## #.##.#
.........## .# ..
.........# ..........
..).......#


You could see an ogre.

Vanquished Creatures
  Pikel (D:4)
  3 slaves (D:4)
  An ogre (D:6)
  A centaur (D:6)
  2 bullfrogs (D:7)
  3 scorpions
  Crazy Yiuf (D:3)
  An orc priest (D:3)
  A hound (D:7)
  A worker ant (D:5)
  A hound zombie (D:6)
  A hound skeleton (D:4)
  Robin (D:2)
  4 adders
  2 shadow imps
  An ooze (D:1)
  An adder zombie (D:5)
  4 worms
  A dart slug (D:1)
  7 leopard geckos
  9 orcs
  A ball python (D:4)
  4 giant cockroaches
  12 hobgoblins
  6 jackals
  3 quokkas
  14 bats
  6 frilled lizards
  12 goblins
  A jackal zombie (D:6)
  5 kobolds
  9 rats
120 creatures vanquished.

Vanquished Creatures (collateral kills)
  An ice beast (D:6)
  A black bear (D:6)
  A phantom (D:6)
  A bullfrog zombie (D:6)
  2 hounds (D:6)
  2 worker ants
  2 adders
  A worm (D:5)
  2 orcs
  2 giant cockroaches
  A goblin (D:2)
  2 jackals (D:6)
18 creatures vanquished.

Grand Total: 138 creatures vanquished

Notes
Turn   | Place    | Note
-------+----------+-------------------------------------------
     0 | D:1      | Dipster the Mummy Necromancer began the quest for the Orb.
     0 | D:1      | Reached XP level 1. HP: 13/13 MP: 4/4
   161 | D:1      | Reached XP level 2. HP: 19/19 MP: 0/5
   942 | D:1      | Reached XP level 3. HP: 24/24 MP: 0/7
  1128 | D:1      | Learned a level 3 spell: Vampiric Draining
  1228 | D:2      | Noticed Robin
  1990 | D:2      | Reached skill level 5 in Necromancy
  2151 | D:2      | Reached XP level 4. HP: 28/30 MP: 1/9
  2157 | D:2      | Learned a level 4 spell: Animate Dead
  2288 | D:2      | Found a faded altar of an unknown god.
  2390 | D:2      | Killed Robin
  2640 | D:3      | Noticed JaminCrawler's ghost (amateur MiBe)
  2871 | D:3      | Reached XP level 5. HP: 21/35 MP: 5/11
  3141 | D:3      | Found a runed door.
  3371 | D:3      | Noticed Crazy Yiuf
  3383 | D:3      | Killed Crazy Yiuf
  3928 | D:4      | Reached skill level 5 in Spellcasting
  3928 | D:4      | Reached skill level 6 in Necromancy
  3966 | D:4      | Learned a level 4 spell: Control Undead
  4047 | D:4      | Noticed Dipster's ghost (novice BaWr)
  4144 | D:4      | Noticed a phantom
  4220 | D:4      | Reached XP level 6. HP: 41/41 MP: 7/14
  4359 | D:4      | Noticed a slave
  4359 | D:4      | Noticed a slave
  4359 | D:4      | Noticed a slave
  4359 | D:4      | Noticed a slave
  4361 | D:4      | Noticed Pikel
  4379 | D:4      | Killed a slave
  4386 | D:4      | Killed a slave
  4386 | D:4      | Killed a slave
  4389 | D:4      | HP: 1/41 [Pikel/whip of flaming (6)]
  4394 | D:4      | Killed Pikel
  4394 | D:4      | Reached skill level 7 in Necromancy
  4394 | D:4      | Reached XP level 7. HP: 2/46 MP: 11/16
  4619 | D:4      | Noticed Blork the orc
  4636 | D:5      | Entered Level 5 of the Dungeon
  5084 | D:5      | Reached skill level 8 in Necromancy
  6012 | D:6      | Reached XP level 8. HP: 39/52 MP: 10/18
  6239 | D:6      | Reached skill level 9 in Necromancy
  6494 | D:6      | Found a staircase to the Ecumenical Temple.
  6510 | Temple   | Entered the Ecumenical Temple
  6658 | Temple   | Became a worshipper of Kikubaaqudgha
  6859 | D:7      | Slain by an ogre

Skill      XL: |  1  2  3  4  5  6  7  8 |
---------------+-------------------------+-----
Spellcasting   | 3 4 5 6 7 |  7.9
Necromancy     | 5 6 7 8 9 |  9.3
Dodging        | |  1.5
Stealth        | |  1.5

Action                   |  1- 3 |  4- 6 |  7- 9 || total
-------------------------+-------+-------+-------++-------
Melee: Unarmed           |     7 |       |       ||     7
       Spear             |    19 |    53 |    93 ||   165
       Quarterstaff      |       |    36 |    17 ||    53
Throw: Stone             |       |     1 |       ||     1
 Cast: Pain              |    93 |    55 |    27 ||   175
       Vampiric Draining |     3 |     6 |    15 ||    24
       Animate Dead      |       |     4 |     8 ||    12
       Control Undead    |       |     5 |     3 ||     8
Evoke: Wand              |       |    11 |       ||    11
  Use: Scroll            |       |     5 |     3 ||     8
 Stab: Sleeping          |     1 |     3 |       ||     4
       Confused          |       |     2 |       ||     2
       Distracted        |       |       |     2 ||     2
Armor: Robe              |     5 |     7 |       ||    12
       Animal skin       |       |    11 |    30 ||    41
Dodge: Dodged            |    51 |    66 |    88 ||   205
